AoeStats
← GA | Oink

Oasis

509699442Analyzed
2v2 RM · 4d ago on Sep 27, 2026· 44m 21s· 4 players
Game mode
Random Map
Map size
Medium (4 player)
Population
200
Speed
Normal
Resources
Standard
Victory
Conquest
Starting age
Dark Age
Ending age
Imperial Age
RankedLock teamsTeams togetherTeam positionsShared explorationLock speedFull tech treeHidden civsTurbo modeCheats
Victory
Defeat
🇩🇪 Khmer · Germany
960
+15
🇩🇪 Ethiopians · Germany
959
+15
🇫🇷 Aztecs · France
938
-15
🇫🇷 Malians · France
927
-15
LeCissé
5:46 Loom
11:03 Feudal Age
11:46 Horse Collar
12:08 Double-Bit Axe
12:52 Man-at-Arms
20:56 Castle Age
20:02 Scale Mail Armor
20:38 Gold Mining
21:25 Padded Archer Armor
21:36 Forging
21:29 Eagle Warrior
25:34 Leather Archer Armor
24:41 Elite Skirmisher
25:44 Bow Saw
25:40 Fletching
29:57 Forging
30:42 Chain Mail Armor
31:55 Bodkin Arrow
33:49 Squires
36:17 Wheelbarrow
35:38 Pikeman
37:00 Sanctity
42:46 Imperial Age
41:22 Ballistics
Boba Fett
10:01 Loom
12:40 Feudal Age
13:05 Horse Collar
13:11 Double-Bit Axe
15:30 Gold Mining
15:30 Stone Mining
18:15 Man-at-Arms
21:21 Fletching
21:32 Padded Archer Armor
24:27 Town Watch
25:18 Wheelbarrow
25:21 Scale Mail Armor
27:44 Castle Age
28:23 Elite Skirmisher
28:26 Pikeman
28:27 Long Swordsman
29:08 Squires
29:18 Heavy Plow
30:14 Leather Archer Armor
33:12 Bow Saw
33:05 Town Patrol
35:42 Crossbowman
36:27 Thumb Ring
36:28 Tigui
37:21 Hand Cart
38:05 Coinage
41:34 Imperial Age
39:21 Masonry
39:07 Murder Holes
39:17 Treadmill Crane
40:41 Gold Shaft Mining
41:16 Fervor
41:53 Chain Mail Armor
41:49 Forging
41:34 Bodkin Arrow
42:33 Hand Cart
42:58 Crop Rotation
GA | Meow
13:47 Feudal Age
18:07 Double-Bit Axe
22:03 Castle Age
20:25 Stone Mining
20:32 Horse Collar
21:30 Wheelbarrow
26:09 Bow Saw
27:30 Fortified Wall
29:30 Heavy Plow
31:25 Hand Cart
35:43 Imperial Age
33:35 Gold Mining
34:23 Stone Shaft Mining
34:22 Ballistics
34:51 Gold Shaft Mining
35:21 Masonry
35:20 Town Watch
35:21 Loom
35:44 Heavy Scorpion
36:37 Double Crossbow
38:24 Chemistry
37:37 Siege Engineers
38:25 Forging
38:20 Scale Barding Armor
39:04 Town Patrol
39:41 Architecture
38:40 Light Cavalry
39:31 Bloodlines
39:21 Husbandry
39:59 Hussar
42:21 Iron Casting
42:06 Chain Barding Armor
GA | Oink
10:20 Feudal Age
10:48 Double-Bit Axe
14:13 Fletching
15:07 Padded Archer Armor
22:48 Castle Age
23:37 Thumb Ring
22:54 Crossbowman
23:53 Leather Archer Armor
23:33 Bodkin Arrow
25:19 Gold Mining
25:51 Bow Saw
25:55 Husbandry
27:10 Gold Shaft Mining
32:20 Ballistics
32:44 Horse Collar
33:38 Scale Barding Armor
33:46 Forging
34:52 Heavy Plow
36:55 Iron Casting
36:51 Chain Barding Armor
43:21 Imperial Age
43:24 Arbalester
44:09 Bracer
44:39 Ring Archer Armor
45:11 Blast Furnace
43:37 Cavalier
Connection lost

Rejoining the realm…

Still unreachable

The connection could not be restored.

Session expired

The server has moved on; the page needs a fresh start.